 Dungeon Crawl Stone Soup version 0.29.1-2-gbd0b4ee654 (webtiles) character file.

Game seed: 5049120738507734258

25 Descartes the Ducker (level 2, -1/14 HPs)
             Began as a Felid Chaos Knight on Nov 29, 2022.
             Was a Plaything of Xom.
             Slain by a ball python (3 damage)
             ... on level 2 of the Dungeon.
             The game lasted 00:01:02 (1064 turns).

Descartes the Ducker (Felid Chaos Knight)           Turns: 1064, Time: 00:01:02

Health: -1/14      AC:  1    Str:  8    XL:     2   Next: 82%
Magic:  3/3        EV: 15    Int: 13    God:    Xom [...*..]
Gold:   25         SH:  0    Dex: 15    Spells: 1/1 levels left
                                        Lives:  0   Deaths: 0

rFire   . . .      SeeInvis +     - Unarmed
rCold   . . .      Faith    .   (shield unavailable)
rNeg    . . .      Spirit   .   (body armour unavailable)
rPois   .          Reflect  .   (helmet unavailable)
rElec   .          Harm     .   (cloak unavailable)
rCorr   .          Rampage  .   (gloves unavailable)
Will    .....                   (boots unavailable)
Stlth   ++........              (no amulet)
HPRegen 0.04/turn               (no ring)
MPRegen 0.08/turn               (no ring)

@: constricted, quick
A: very small, claws 1, fangs 3, see invisible, speed 1, shaggy fur 1, stealthy
paws, no weapons or thrown items, no armour, multi-lived
a: Renounce Religion


You were on level 2 of the Dungeon.
You worshipped Xom.
You were a favourite toy of Xom.
You visited 1 branch of the dungeon, and saw 2 of its levels.

You collected 25 gold pieces.

Inventory:

Scrolls
 f - a scroll of identify {unknown}
 g - a scroll of teleportation {unknown}
 h - a scroll of amnesia {unknown}
Potions
 b - a potion of flight {unknown}
 c - a potion of curing {unknown}
 d - 2 potions of ambrosia {unknown}
 e - a potion of haste {unknown}
 i - a potion of mutation {unknown}
Miscellaneous
 a - a piece from Xom's chessboard (15/15) (quivered)


   Skills:
 + Level 3.2 Fighting
 + Level 3.5 Dodging
 * Level 1.9 Stealth
 * Level 3.4 Unarmed Combat


You had one spell level left.
You didn't know any spells.
Your spell library contained the following spells:

 Spells                   Type           Power      Damage    Failure   Level
 Magic Dart               Conj           0%         1d3       30%         1
 Call Imp                 Summ           0%         N/A       43%         2
 Mephitic Cloud           Conj/Pois/Air  0%         N/A       67%         3


Dungeon Overview and Level Annotations

Branches:
Dungeon (1/15)

Altars:


Innate Abilities, Weirdness & Mutations

You have sharp claws.
You have razor-sharp teeth.
You have supernaturally acute eyesight. (SInv)
You cover ground quickly. (Speed+)
You are covered in fur. (AC +1)
Your paws help you pounce on unaware monsters.
You are incapable of wielding weapons or throwing items.
You cannot wear armour.
You gain extra lives every three experience levels.


Message History

You are too injured to fight recklessly!
You are too injured to fight recklessly!
You are too injured to fight recklessly!
You are too injured to fight recklessly!
You are too injured to fight recklessly!
You are too injured to fight recklessly!
You are too injured to fight recklessly!
You are too injured to fight recklessly!
You are too injured to fight recklessly!
You are too injured to fight recklessly!
You are too injured to fight recklessly!
You are too injured to fight recklessly!
You are too injured to fight recklessly!
You are too injured to fight recklessly!
Unknown command.
You closely miss the ball python. The ball python closely misses you.
The ball python misses you. The jackal barely misses you.
The ball python bites you. The ball python misses you.
The hobgoblin misses you.
Unknown command.
You closely miss the ball python. The jackal closely misses you.
The jackal misses you. The ball python bites you.
* * * LOW HITPOINT WARNING * * *
The ball python closely misses you.
The jackal bites you but does no damage.
The hobgoblin hits you but does no damage.
Unknown command.
You scratch the ball python.
The ball python is severely wounded.
The jackal misses you. The jackal bites you.
* * * LOW HITPOINT WARNING * * *
The ball python closely misses you. The ball python grabs you.
The ball python constricts you.
* * * LOW HITPOINT WARNING * * *
The jackal closely misses you. The hobgoblin barely misses you.
You barely miss the ball python.
The ball python is moderately wounded.
An adder comes into view.
The jackal barely misses you. The ball python bites you.
You die...

......#.#..............#.
......#.###.##########.#.
.........................
#####^..##.##########.##
#...##.# #.# ####...##.#
#.# #.........#### #.#
#.....†....... #.#
#.....@h...... #.#
#....gSh...... #.#
+............. #.#
#........$.... #.#
#######....... #.#
.....?. #.# ....... #.##
..S.... #... ####


You could see an adder (wandering), 2 jackals, a hobgoblin and a ball python.

Vanquished Creatures
  4 ball pythons
  An endoplasm (D:1)
  A giant cockroach (D:1)
  3 goblins
  A hobgoblin (D:1)
  2 jackals (D:1)
  A quokka (D:1)
  5 bats
  2 kobolds (D:1)
  3 rats
23 creatures vanquished.

Notes
Turn   | Place    | Note
-------+----------+-------------------------------------------
     0 | D:1      | Descartes the Felid Chaos Knight began the quest for the
                  | Orb.
     0 | D:1      | Reached XP level 1. HP: 10/10 MP: 2/2
    93 | D:1      | XOM: potion effect (invisibility)
   102 | D:1      | Reached skill level 1 in Stealth
   292 | D:1      | XOM: silly message
   357 | D:1      | Reached XP level 2. HP: 14/14 MP: 3/3
   543 | D:1      | XOM: smoke on damage
   760 | D:1      | You fall into a shaft and drop 1 floor!
  1064 | D:2      | Slain by a ball python

Illustrated notes

Levels and vault maps discovered:
D:1:      shiori_arrival_elements, layout_loops_corners, minmay_heptomino_l4
D:2:      layout_basic, minmay_small_reverse_x, uniq_terence

Skill      XL: |  1 |
---------------+----+-----
Stealth        | 1 |  1.9
Fighting       | |  3.2
Dodging        | |  3.5
Unarmed Combat | |  3.4

Action                   || total
-------------------------++-------
Melee: Unarmed           ||    61
       Bite              ||     4
 Stab: Invisible         ||     1
       Sleeping          ||     2
Armor: Skin              ||     6
Dodge: Dodged            ||    56
